 Dungeon Crawl Stone Soup version 0.19.5 (webtiles) character file.

88 Wander the Twirler (level 4, -1/37 HPs)
             Began as a Human Wanderer on Apr 1, 2017.
             Slain by a quokka (2 damage)
             ... on level 3 of the Dungeon.
             The game lasted 00:03:14 (1731 turns).

Wander the Twirler (Human Wanderer)                 Turns: 1731, Time: 00:03:15

Health: -1/37      AC:  3    Str:  9    XL:     4   Next: 82%
Magic:  4/4        EV: 11    Int: 12    God:
Gold:   104        SH:  0    Dex: 17    Spells: 0 memorised, 3 levels left

rFire  . . .     SeeInvis .     a - +2 quarterstaff
rCold  . . .     Gourm    .     d - +0 robe
rNeg   . . .     Faith    .     (shield currently unavailable)
rPois  .         Spirit   .     p - +0 helmet
rElec  .         Reflect  .     (no cloak)
rCorr  .         Harm     .     (no gloves)
MR     .....                    (no boots)
Stlth  ++........               (no amulet)
                                (no ring)
                                (no ring)

@: lethally poisoned (-1 -> -3)
A: no striking features
a: no special abilities


You were on level 3 of the Dungeon.
You were not hungry.

You visited 1 branch of the dungeon, and saw 3 of its levels.

You collected 104 gold pieces.

Inventory:

Hand Weapons
 a - a +2 quarterstaff (weapon)
 b - a +0 spear
 e - a +0 dagger
Armour
 d - a +0 robe (worn)
 p - a +0 helmet (worn)
 s - a +1 buckler of poison resistance
Scrolls
 h - 2 scrolls of teleportation {unknown}
 j - a scroll of remove curse {unknown}
 k - a scroll of identify {unknown}
 m - 2 scrolls of fear {unknown}
 n - 2 scrolls of fog {unknown}
 o - a scroll of enchant weapon {unknown}
 r - a scroll of noise {unknown}
Potions
 c - a potion of lignification
 g - a potion of cancellation {unknown}
 i - a potion of ambrosia {unknown}
 l - a potion of degeneration {unknown}
 q - 2 potions of flight {unknown}
Comestibles
 f - 2 bread rations


   Skills:
 - Level 4.0 Fighting
   Level 1.0 Long Blades
 + Level 4.2 Staves
 - Level 1.0 Throwing
 - Level 2.0 Stealth
   Level 1.0 Evocations


You had 3 spell levels left.
You didn't know any spells.

Dungeon Overview and Level Annotations

Branches:
Dungeon (3/15)

Altars:
The Shining One


Message History

The jackal barely misses you.
You barely miss the jackal.
The jackal bites you but does no damage.
The frilled lizard closely misses you. The quokka barely misses you.
You sock the jackal!
You kill the jackal!
You feel sick. The quokka bites you.
* * * LOW HITPOINT WARNING * * *
The frilled lizard closely misses you.
You hit the quokka.
The quokka is almost dead.
The quokka barely misses you.
The frilled lizard bites you but does no damage.
The quokka bites you but does no damage.
You barely miss the quokka.
The quokka is almost dead.
The frilled lizard bites you.
* * * LOW HITPOINT WARNING * * *
The quokka bites you.
You die...

.. ..# #.## ####..# ##
#.....# #######.
#...#.# #.......
####...#.####.###.##
...##.....('......# #.#
#....)@..(#..###.###+##
#....lr†####.# #...+_##
#.......# #.###.###+##
#...[...# #..##.# #.#
#.......# #..##.###.##
+.......# ##.##.......
#.......# #.###....##
......$.# #..##.####
#..#..#


You could see a quokka and a frilled lizard.

Vanquished Creatures
  Robin (D:2)
  An adder (D:3)
  A worm (D:1)
  A leopard gecko (D:1)
  3 giant cockroaches
  11 goblins
  9 hobgoblins
  4 jackals
  A quokka (D:2)
  8 bats
  3 frilled lizards (D:1)
  7 kobolds
  12 rats
62 creatures vanquished.

Notes
Turn   | Place    | Note
-------+----------+-------------------------------------------
     0 | D:1      | Wander the Human Wanderer began the quest for the Orb.
     0 | D:1      | Wander set off with: a +2 quarterstaff, a +0 spear, a potion of lignification, a +0 robe, a +0 dagger, a bread ration
     0 | D:1      | Reached XP level 1. HP: 19/19 MP: 1/1
    53 | D:1      | Reached XP level 2. HP: 21/25 MP: 2/2
   342 | D:1      | Reached XP level 3. HP: 29/30 MP: 3/3
  1229 | D:2      | Noticed Robin
  1232 | D:2      | Reached XP level 4. HP: 37/37 MP: 4/4
  1241 | D:2      | Killed Robin
  1683 | D:3      | Found a glowing golden altar of the Shining One.
  1731 | D:3      | HP: 1/37 [frilled lizard (1)]
  1731 | D:3      | Slain by a quokka

Skill      XL: |  1  2  3  4 |
---------------+-------------+-----
Staves         | 2 3 4 |  4.2
Fighting       | |  4.0
Long Blades    | |  1.0
Throwing       | |  1.0
Stealth        | |  2.0
Evocations     | |  1.0

Action                   |  1- 3 |  4- 6 || total
-------------------------+-------+-------++-------
Melee: Quarterstaff      |    98 |    52 ||   150
 Stab: Sleeping          |     5 |     1 ||     6
       Distracted        |     1 |       ||     1
  Eat: Chunk             |     1 |     2 ||     3
Armor: Robe              |    22 |    27 ||    49
Dodge: Dodged            |    55 |    59 ||   114
